 Dungeon Crawl Stone Soup version 0.28.0-45-g0d030f2227 (console) character file.

Game seed: 10688114004852715053

336733 Banquo the Eclecticist (level 22, -9/168 HPs)
             Began as a Djinni Fire Elementalist on Apr 11, 2022.
             Was the Champion of Nemelex Xobeh.
             Mangled by an ironbound frostheart (15 damage)
             ... on level 1 of the Vaults on Apr 20, 2022.
             The game lasted 07:51:59 (48799 turns).

Banquo the Eclecticist (Djinni Fire Elementalist)  Turns: 48799, Time: 07:52:00

Health: -9/168     AC: 17    Str: 12    XL:     22   Next: 88%
Gold:   3085       EV: 10    Int: 31    God:    Nemelex Xobeh [******] SH: 12 Dex: 10

rFire   + + .      SeeInvis +   a - +7 flail {freeze, rPois rC++ Int+2 Dex-3}
rCold   + . .      Faith    .   i - +0 kite shield {reflect}
rNeg    + . .      Spirit   .   d - +0 troll leather armour
rPois   ∞          Reflect  +   h - +3 crown of Dyrovepreva {rElec Int+2 SInv}
rElec   +          Harm     .   e - +1 cloak {Stlth+}
rCorr   +          Rampage  .   g - +2 pair of gloves of Negation {Drain rElec rN+ rCorr Str+3}
Will    +++..                   (boots unavailable)
Stlth   +++.......              P - amulet of regeneration
HPRegen 1.98/turn               A - +4 ring of protection
MPRegen 0.00/turn               V - ring "Bosevvie" {Will+ Str+2 Slay+2}

@: vertiginous, flying, very slightly contaminated, studying 2 skills
A: sickness immunity, fire resistance 2, cold vulnerability 1, float, innate
caster, HP casting, extra vitality 1, clumsy 1
}: 2/15 runes: barnacled, gossamer
a: Renounce Religion, Draw Escape, Draw Destruction, Draw Summoning, Draw Stack,
Triple Draw, Deal Four, Stack Five


You were on level 1 of the Vaults.
You worshipped Nemelex Xobeh.
Nemelex Xobeh was exalted by your worship.
You visited 7 branches of the dungeon, and saw 35 of its levels.
You also visited: Bailey and Ice Cave.

You collected 3797 gold pieces.
You spent 712 gold pieces at shops.

Inventory:

Hand Weapons
 a - the +7 flail of Annihilation (weapon) {freeze, rPois rC++ Int+2 Dex-3}
   (You found it on level 4 of the Dungeon)

   It freezes those it strikes, dealing additional cold damage.
   It can also slow down cold-blooded creatures.
   Int:       It affects your intelligence (+2).
   Dex:       It affects your dexterity (-3).
   rC:        It greatly protects you from cold.
   rPois:     It protects you from poison.
 b - the +10 morningstar "Eos" {elec, Halo rElec}
   (You took it off a deep elf pyromancer on level 3 of the Elven Halls)

   It occasionally discharges a powerful burst of electricity upon striking a
   foe.
   It grants its wielder a halo, increasing accuracy against those within it.
   rElec:     It insulates you from electricity.
 E - a +6 hand axe of freezing
 G - a +1 vampiric hand axe
Missiles
 c - 8 throwing nets
 f - 2 boomerangs of dispersal
Armour
 d - a +0 troll leather armour (worn)
 e - a +1 cloak of stealth (worn)
 g - the +2 pair of gloves of Negation (worn) {Drain rElec rN+ rCorr Str+3}
   (You acquired it on level 11 of the Dungeon)

   Str:       It affects your strength (+3).
   rElec:     It insulates you from electricity.
   rN:        It protects you from negative energy.
   rCorr:     It protects you from acid and corrosion.
   Drain:     It drains your maximum health when unequipped.
 h - the +3 crown of Dyrovepreva (worn) {rElec Int+2 SInv}
   (You found it on level 3 of the Elven Halls)

   Int:       It affects your intelligence (+2).
   rElec:     It insulates you from electricity.
   SInv:      It lets you see invisible.
 i - a +0 kite shield of reflection (worn)
Jewellery
 A - a +4 ring of protection (left hand)
 C - the ring "Vidir" {rPois rC+ Will+ rCorr Dex-5}
   (You took it off a deep elf knight on level 3 of the Elven Halls)

   [ring of resist corrosion]

   Dex:       It affects your dexterity (-5).
   rC:        It protects you from cold.
   rPois:     It protects you from poison.
   rCorr:     It protects you from acid and corrosion.
   Will:      It increases your willpower.
 K - a +4 ring of slaying
 P - an amulet of regeneration (around neck)
 R - a +4 ring of protection
 V - the ring "Bosevvie" (right hand) {Will+ Str+2 Slay+2}
   (You took it off a deep elf zephyrmancer on level 3 of the Elven Halls)

   [ring of willpower]

   Str:       It affects your strength (+2).
   Slay:      It affects your accuracy & damage with ranged weapons and melee
   (+2).
   Will:      It increases your willpower.
Wands
 k - a wand of iceblast (20)
 l - a wand of flame (8)
 n - a wand of digging (26)
 p - a wand of acid (30)
Scrolls
 j - 6 scrolls of fog
 m - a scroll of magic mapping
 v - 19 scrolls of teleportation
 F - 2 scrolls of summoning
 H - 5 scrolls of fear
 I - 4 scrolls of holy word
 Y - 4 scrolls of blinking
Potions
 o - 3 potions of brilliance
 q - 11 potions of heal wounds
 s - 5 potions of cancellation
 u - 6 potions of ambrosia
 w - 10 potions of might
 z - 4 potions of resistance
 D - 2 potions of berserk rage
 N - 7 potions of haste
 O - 3 potions of invisibility
 X - 11 potions of curing
Miscellaneous
 B - a condenser vane
 J - a phantom mirror
 Z - a box of beasts


   Skills:
 * Level 17.6 Fighting
 * Level 8.8 Maces & Flails
 - Level 5.0 Armour
 - Level 15.2 Dodging
 - Level 5.0 Stealth
 - Level 15.0 Shields
 * Level 20.5 Spellcasting
 * Level 14.0 Invocations


You had 4 spell levels left.
You knew the following spells:

 Your Spells              Type           Power      Damage    Failure   Level
a - Magic Dart            Conj           100%       1d8       1%          1
b - Wereblood             Tmut           100%       N/A       1%          2
c - Enfeeble              Hex            51%        N/A       2%          7
d - Inner Flame           Hex/Fire       100%       N/A       1%          3
e - Portal Projectile     Hex/Tloc       100%       N/A       1%          3
f - Conjure Flame         Conj/Fire      100%       6-21      1%          3
g - Alistair's Intoxicat  Tmut/Pois      68%        N/A       1%          5
h - Death Channel         Necr           51%        N/A       1%          6
i - Irradiate             Conj/Tmut      51%        3d31      1%          5
s - Starburst             Conj/Fire      51%        6d14      1%          6
u - Dispel Undead         Necr           100%       3d31      1%          4
w - Flame Wave            Conj/Fire      100%       2d17      1%          4
z - Foxfire               Conj/Fire      100%       2x1d9     1%          1
L - Statue Form           Tmut/Erth      68%        N/A       1%          6
P - Scorch                Fire           100%       2d10      1%          2
Your spell library was empty.

Dungeon Overview and Level Annotations

Branches:
Dungeon (15/15)            Temple (0/1) D:7            Lair (6/6) D:10
 Shoals (4/4) Lair:3       Spider (4/4) Lair:2        Slime (0/5) Lair:5
    Orc (2/2) D:10            Elf (3/3) Orc:2        Vaults (1/5) D:14
 Depths (0/4) D:15         Bailey (visited)           IceCv (visited)

Altars:
Nemelex Xobeh
Ru
Trog
Vehumet
Beogh
Jiyva
Lugonu

Shops:
D:5 *   D:12 :*((   D:14 ?   Orc:1 [   Orc:2 !([(   Elf:3 *(   Shoals:1 [

Portals:
Abyss: Lair:6
Trove: Elf:3 (give +3 shadow dragon scales)

Annotations:
D:15 Roxanne
Orc:2 2 runed translucent doors, exclusion: orange crystal statue
Elf:2 3 runed translucent doors


Innate Abilities, Weirdness & Mutations

You are immune to sickness and miasma.
You are immune to poison.
Your flesh is very heat resistant. (rF++)
You are vulnerable to cold. (rC-)
You float through the air rather than walking.
You learn spells naturally, not from books.
Your magical power is your life essence.
You have superior vitality. (+4 MHP)
You are clumsy. (Dex -2)


Message History

a - the Cloud
b - the Cloud
c - the Cloud You have drawn the Cloud.
Nothing appears to happen.
Something hits the yaktaur!
You block the ironbound frostheart's attack.
The yaktaur hits the ironbound frostheart!
You block the yaktaur's attack.
Unknown command.
The ice encasing you melts away.
The yaktaur seems less confused.
The yaktaur wields a +0 arbalest.
The yaktaur shoots a bolt.
You reflect the bolt off your +0 kite shield of reflection!
The bolt hits the yaktaur!
You kill the yaktaur!
You hear a shout!
You feel much better. The ironbound frostheart touches you!
* * * LOW HITPOINT WARNING * * *
The ironbound frostheart freezes you! You resist.
* * * LOW HITPOINT WARNING * * *
Unknown command.
Casting: Alistair's Intoxication (mildly dangerous; 1% risk of failure)
Confirm with . or Enter, or press ? or * to list all spells.
Casting: Starburst (mildly dangerous; 1% risk of failure)
Press: ? - help, Dir - look around, f - activate The bolt of fire misses the ironbound frostheart.
* * * LOW HITPOINT WARNING * * *
The ironbound frostheart closely misses you.
Unknown command.
Casting: Starburst (mildly dangerous; 1% risk of failure)
Confirm with . or Enter, or press ? or * to list all spells.
Casting: Starburst (mildly dangerous; 1% risk of failure)
Press: ? - help, Dir - look around, f - activate The bolt of fire misses the ironbound frostheart.
* * * LOW HITPOINT WARNING * * *
The ironbound frostheart touches you.
* * * LOW HITPOINT WARNING * * *
The ironbound frostheart freezes you! You resist.
You die...
Your body glows with a rainbow of weird colours and disappears.

.## #...p.)....... ..##
#)..c.c.)..... ...####
##########÷.####''####.
....##.#.#...#.#.#.)#
.....
#....##)#.#.#.#.##..#
..p..#
##...'.#.#.#.#.#.#c.#
###..#
#....##)#.###.#.##§.#
..#
....##.#.#...#.#.#cc# .#
...###..##.#.##.@#§§# #
..## #.#.#...#.#)p)c#
.## ##.#.###.#.##).# ##
#.#.#.#.#.#.#..#########
##.#.#.#(#.##...[.......
#.#.#...#.#.#...).......
########################


You could see an ironbound frostheart and a yaktaur.

Vanquished Creatures
  Arachne (Spider:4)
  Mlioglotl (Spider:4)
  A titan (Shoals:4)
  4 deep elf blademasters (Elf:3)
  A quicksilver dragon (Shoals:2)
  3 deep elf master archers (Elf:3)
  3 ancient champions (Elf:1)
  Frances (Spider:2)
  Kirke (Shoals:2)
  Gastronok (D:8)
  Donald (Spider:1)
  10 emperor scorpions
  3 deep elf sorcerers (Elf:3)
  2 frost giants (Shoals:1)
  A vault warden (Vaults:1)
  4 ghost moths
  An angel (Spider:4)
  4 ironbound preservers (Vaults:1)
  A curse skull (Elf:1)
  6 deep elf elementalists (Elf:3)
  2 very ugly things (Vaults:1)
  2 ironbound thunderhulks (Vaults:1)
  3 broodmothers (Spider:4)
  A quicksilver ooze (Shoals:2)
  A vampire knight (Elf:1)
  4 deep elf annihilators (Elf:3)
  A bunyip (IceCv)
  5 deep elf demonologists
  2 spark wasps
  7 entropy weavers
  A minotaur (IceCv)
  6 dire elephants (Vaults:1)
  An eidolon (Elf:1)
  2 spectral elves (Elf:1)
  7 deep elf death magi
  Josephine (Orc:1)
  A jiangshi (Elf:1)
  The ghost of Sheol the Fighter, a journeyman MiFi of Okawaru (Lair:1)
  2 yaktaur captains (Vaults:1)
  7 merfolk impalers
  6 merfolk javelineers
  A deep elf high priest (Elf:3)
  A fire dragon (D:15)
  6 boulder beetles
  2 rakshasas (D:15)
  A jorogumo (Spider:2)
  2 ogre magi (Orc:2)
  2 catoblepae
  An alligator snapping turtle (Shoals:4)
  An ironbound frostheart (Vaults:1)
  2 death knights
  The ghost of Vangrel the Cleaver, a novice HOFi of the Shining One (D:9)
  6 hydras
  4 merfolk aquamancers (Shoals:4)
  11 two-headed ogres
  6 centaur warriors
  15 dancing weapons
  A satyr (Shoals:4)
  3 merfolk avatars
  A tengu warrior (D:15)
  The ghost of hitsuchi the Covert, a journeyman KoBr of Okawaru (D:10)
  9 death yaks
  A thrashing horror (Lair:6)
  A hell hog (Shoals:2)
  An orc high priest (Elf:3)
  Urug (Lair:3)
  Sonja (Lair:6)
  A fire crab (Lair:4)
  4 pharaoh ants
  A skeletal warrior (D:12)
  The ghost of Cykl0x the Geomancer, a novice GrEE of Vehumet (D:9)
  A goliath frog (Spider:4)
  A shadow wraith (Elf:1)
  11 deep elf knights
  6 sea snakes
  8 deep trolls (Vaults:1)
  10 orb spiders
  2 flayed ghosts (Elf:1)
  A kraken simulacrum (Shoals:1)
  6 steelbarb worms
  A swamp dragon (Shoals:2)
  12 deep elf archers
  2 phantasmal warriors
  The ghost of Peloso the Carver, a novice MiFi of Okawaru (D:9)
  A necromancer (D:14)
  5 orc knights
  5 ironbound convokers (Vaults:1)
  10 lindwurms
  15 deep elf zephyrmancers
  A mana viper (Orc:2)
  35 harpies
  18 deep elf pyromancers
  27 ugly things
  11 manticores
  15 wolf spiders
  6 elephants
  5 moths of wrath
  6 torpor snails
  3 cyclopes
  4 merfolk sirens
  A guardian serpent (shapeshifter) (D:13)
  5 fauns
  5 vault sentinels (Vaults:1)
  A cane toad (shapeshifter) (D:15)
  6 black mambas
  An ice statue (IceCv)
  A smoke demon (Lair:6)
  14 cane toads
  4 water nymphs
  5 demonic crawlers
  Maggie (D:7)
  Psyche (D:9)
  6 komodo dragons
  An unseen horror (D:11)
  2 tengu conjurers (D:14)
  An efreet (D:13)
  6 rime drakes
  2 ancient zymes (Lair:6)
  11 yaktaurs (Vaults:1)
  10 merfolk
  2 ice devils (Lair:2)
  4 meliai
  A wind drake (shapeshifter) (D:13)
  11 trolls
  28 blink frogs
  9 wind drakes (Shoals:4)
  13 dream sheep
  14 polar bears
  24 tarantellas
  13 slime creatures
  19 jumping spiders
  7 snapping turtles
  18 water elementals
  5 hornets
  3 vampires
  A shadow (D:11)
  16 culicivoras
  14 air elementals
  Sigmund (D:5)
  A culicivora (shapeshifter) (Lair:6)
  5 spriggans
  4 wraiths
  60 yaks
  A shapeshifter (IceCv)
  4 wyverns
  9 basilisks
  A yak (shapeshifter) (Elf:2)
  An alligator snapping turtle simulacrum (Shoals:1)
  A wyvern (shapeshifter) (Elf:2)
  A chaos spawn (Lair:6)
  6 fire elementals
  A hog (Shoals:2)
  A steam dragon (Orc:1)
  52 redbacks
  14 vampire mosquitoes
  A death yak simulacrum (Shoals:1)
  2 sea snake simulacra (Shoals:1)
  6 wargs
  2 harpy simulacra (Shoals:1)
  9 water moccasins
  3 hell hounds (D:15)
  A floating eye (Shoals:2)
  2 large abominations (Lair:6)
  A satyr simulacrum (Shoals:1)
  22 orc warriors
  A meliai simulacrum (D:14)
  2 sky beasts
  25 wolves
  6 ice beasts
  4 boggarts (D:14)
  6 centaurs
  12 ogres
  A necrophage (D:8)
  6 elf simulacra (Elf:1)
  7 small abominations (Lair:6)
  2 kobold brigands
  4 earth elementals
  13 bullfrogs
  2 scorpions
  A water moccasin zombie (D:5)
  A snapping turtle simulacrum (Shoals:1)
  2 manticore simulacra (Shoals:1)
  2 killer bees
  4 howler monkeys
  7 electric eels
  18 wights
  6 centaur zombies
  3 bullfrog zombies
  3 hounds
  16 orc priests
  Crazy Yiuf (D:4)
  A jelly (shapeshifter) (D:15)
  2 jellies
  A cyclops simulacrum (Shoals:1)
  Terence (D:2)
  6 iguanas
  24 orc wizards
  A killer bee zombie (D:8)
  3 centaur simulacra
  A hound skeleton (D:2)
  A howler monkey zombie (D:5)
  5 gnolls
  A river rat (Orc:1)
  9 adders
  2 white imps (D:10)
  An ufetubus (D:5)
  2 worms
  5 dart slugs
  76 orcs
  8 ball pythons
  11 endoplasms
  4 giant cockroaches
  9 goblins
  11 hobgoblins
  7 jackals
  9 kobolds
  6 quokkas
  5 bats
  4 frilled lizards
  4 rats
  7 foxfires
  A lost soul (Elf:1)
  A plant (Shoals:1)
1313 creatures vanquished.

Vanquished Creatures (collateral kills)
  Bai Suzhen (Spider:3)
  Agnes (D:15)
  Polyphemus (Shoals:2)
  A frost giant (Shoals:1)
  Aizul (Shoals:3)
  A fire dragon (D:15)
  5 merfolk impalers
  A merfolk javelineer (Shoals:3)
  A hydra (Lair:6)
  A catoblepas (Shoals:2)
  3 ogre magi
  A merfolk avatar (Shoals:1)
  3 merfolk aquamancers (Shoals:2)
  3 centaur warriors
  10 two-headed ogres
  3 death yaks
  2 thrashing horrors (Lair:6)
  3 sea snakes
  A steelbarb worm (Spider:3)
  2 wizards
  22 harpies
  8 ugly things
  4 cyclopes
  5 manticores
  10 fauns
  17 elephants (Lair:6)
  3 smoke demons (Lair:6)
  6 merfolk sirens
  A torpor snail (Lair:6)
  A kobold demonologist (D:11)
  A yaktaur (shapeshifter) (D:11)
  2 ancient zymes (Lair:6)
  2 komodo dragons
  3 meliai (Spider:1)
  2 wind drakes
  16 merfolk
  7 slime creatures
  4 blink frogs
  4 dream sheep (Lair:6)
  3 snapping turtles
  2 small abominations (Lair:6)
  A spriggan (Lair:6)
  7 yaks
  7 water elementals
  2 basilisks (Lair:6)
  3 hogs (Shoals:2)
  An alligator snapping turtle simulacrum (Shoals:1)
  2 harpy simulacra (Shoals:1)
  A water moccasin (Lair:6)
  4 orc warriors
  11 ogres
  4 centaurs
  A merfolk simulacrum (Shoals:1)
  2 faun simulacra (Shoals:1)
  A snapping turtle simulacrum (Shoals:1)
  A jelly (Orc:1)
  3 orc wizards
  2 centaur simulacra (Shoals:1)
  2 gnolls (Orc:1)
  An orc (Orc:2)
  A jackal (Orc:1)
  39 foxfires
264 creatures vanquished.

Vanquished Creatures (others)
  An alligator snapping turtle (Shoals:4)
  A human (Shoals:2)
  A wolf (Orc:1)
  An electric eel (D:15)
  A centaur skeleton (D:7)
  2 hobgoblins (Orc:1)
  A jackal (Orc:1)
  A bush (Lair:3)
  2881 foxfires
  38 fungi
  183 plants
  9 tentacles (Shoals:1)
  4 withered plants (D:9)
3124 creatures vanquished.

Grand Total: 4701 creatures vanquished

Notes
Turn   | Place    | Note
-------+----------+-------------------------------------------
     0 | D:1      | Banquo the Djinni Fire Elementalist began the quest for the
                  | Orb.
     0 | D:1      | Reached XP level 1. HP: 15/15 MP: 0/0
   202 | D:1      | Reached XP level 2. HP: 18/21 MP: 0/0
   461 | D:1      | Reached skill level 3 in Spellcasting
   537 | D:1      | Reached XP level 3. HP: 22/25 MP: 0/0
   537 | D:1      | Learned a level 1 spell: Magic Dart
  1784 | D:2      | Reached XP level 4. HP: 28/31 MP: 0/0
  2211 | D:2      | Noticed Terence
  2239 | D:2      | Killed Terence
  2240 | D:2      | Reached XP level 5. HP: 16/35 MP: 0/0
  2240 | D:2      | Learned a level 2 spell: Wereblood
  2456 | D:2      | Reached skill level 4 in Spellcasting
  3242 | D:2      | Found a faded altar of an unknown god.
  3249 | D:2      | Prayed at the altar of an unknown god.
  3249 | D:2      | Became a worshipper of Nemelex Xobeh the Trickster
  3249 | D:2      | Reached * piety under Nemelex Xobeh
  3319 | D:3      | Received a gift from Nemelex Xobeh
  3388 | D:3      | Reached XP level 6. HP: 39/40 MP: 0/0
  4548 | D:4      | Identified the +5 mace of the Sky {drain, rCorr}
  4551 | D:4      | Identified the +7 flail of Annihilation {freeze, rPois rC++
                  | Int+2 Dex-3}
  4872 | D:4      | Found a runed translucent door.
  4873 | D:4      | Noticed Crazy Yiuf
  4908 | D:4      | Reached ** piety under Nemelex Xobeh
  5187 | D:5      | Entered Level 5 of the Dungeon
  5375 | D:5      | Reached skill level 1 in Fighting
  5375 | D:5      | Reached skill level 1 in Invocations
  5375 | D:5      | Reached XP level 7. HP: 37/47 MP: 0/0
  5375 | D:5      | Learned a level 3 spell: Portal Projectile
  5475 | D:5      | Identified the +8 falchion "Kudy" {vorpal, rF+ Will+}
  5830 | D:5      | Found Nyibaic's General Store.
  5857 | D:5      | Reached skill level 5 in Spellcasting
  5913 | D:5      | Noticed Sigmund
  5922 | D:5      | Killed Sigmund
  6357 | D:6      | Reached XP level 8. HP: 51/54 MP: 0/0
  6728 | D:6      | Reached skill level 6 in Spellcasting
  7465 | D:6      | Reached XP level 9. HP: 52/60 MP: 0/0
  7465 | D:6      | Learned a level 4 spell: Dispel Undead
  7667 | D:7      | Reached *** piety under Nemelex Xobeh
  7854 | D:7      | Found a staircase to the Ecumenical Temple.
  7894 | D:7      | Reached skill level 5 in Dodging
  7894 | D:7      | Reached skill level 7 in Spellcasting
  8149 | D:7      | Noticed Maggie
  8405 | D:7      | Paralysed by Maggie for 5 turns
  8410 | D:7      | Killed Maggie
  8873 | D:7      | Reached skill level 8 in Spellcasting
  8885 | D:7      | Reached XP level 10. HP: 29/69 MP: 0/0
 10357 | D:8      | Received a gift from Nemelex Xobeh
 10380 | D:8      | Noticed a two-headed ogre
 10386 | D:8      | Killed a two-headed ogre
 10387 | D:8      | Reached skill level 5 in Fighting
 10387 | D:8      | Reached skill level 5 in Invocations
 10559 | D:8      | Noticed Gastronok
 10574 | D:8      | Killed Gastronok
 10575 | D:8      | Reached skill level 9 in Spellcasting
 11278 | D:9      | Received a gift from Nemelex Xobeh
 11288 | D:9      | Identified a scroll of acquirement
 11297 | D:9      | Noticed Psyche
 11312 | D:9      | Killed Psyche
 11313 | D:9      | Reached XP level 11. HP: 54/76 MP: 0/0
 11313 | D:9      | Learned a level 5 spell: Alistair's Intoxication
 11436 | D:9      | Found a runed translucent gate.
 11436 | D:9      | Found a runed translucent gate.
 11436 | D:9      | Found a runed translucent gate.
 11436 | D:9      | Noticed Cykl0x's ghost (novice GrEE)
 11437 | D:9      | Noticed Peloso's ghost (novice MiFi)
 11437 | D:9      | Noticed Vangrel's ghost (novice HOFi)
 11465 | D:9      | Found a flagged portal.
 11498 | Bailey   | Entered a bailey
 11502 | Bailey   | Reached **** piety under Nemelex Xobeh
 12199 | Bailey   | Acquired a +4 ring of protection
 12424 | Bailey   | Noticed an orc knight
 12424 | Bailey   | Noticed an orc knight
 12428 | Bailey   | Killed an orc knight
 12429 | Bailey   | Reached skill level 10 in Spellcasting
 12452 | Bailey   | Killed an orc knight
 13984 | D:10     | Entered Level 10 of the Dungeon
 14060 | D:10     | Reached skill level 1 in Shields
 14105 | D:10     | Noticed hitsuchi's ghost (journeyman KoBr)
 14274 | D:10     | Found a staircase to the Lair.
 14358 | D:10     | Received a gift from Nemelex Xobeh
 14374 | D:10     | Found a runed translucent gate.
 14374 | D:10     | Found a runed translucent gate.
 14374 | D:10     | Found a runed translucent gate.
 14626 | D:10     | Found a staircase to the Orcish Mines.
 14640 | D:10     | Reached XP level 12. HP: 77/85 MP: 0/0
 15115 | D:10     | Reached skill level 11 in Spellcasting
 15124 | D:10     | Killed hitsuchi's ghost
 15497 | Lair:1   | Entered Level 1 of the Lair of Beasts
 15572 | Lair:1   | Acquired a manual of Dodging
 15694 | Lair:1   | Received a gift from Nemelex Xobeh
 15803 | Lair:1   | Found a transporter.
 15808 | Lair:1   | Found a transporter.
 15809 | Lair:1   | Found a bloodstained altar of Trog.
 15810 | Lair:1   | Noticed a spriggan rider
 15843 | Lair:1   | Noticed Sheol's ghost (journeyman MiFi)
 15897 | Lair:1   | Received a gift from Nemelex Xobeh
 15940 | Lair:1   | Reached ***** piety under Nemelex Xobeh
 16035 | Lair:1   | Noticed a four-headed hydra
 16049 | Lair:1   | Killed a four-headed hydra
 16509 | Lair:2   | Found a frozen archway.
 16518 | IceCv    | Entered an ice cave
 16636 | IceCv    | Reached skill level 12 in Spellcasting
 16687 | IceCv    | Reached XP level 13. HP: 92/93 MP: 0/0
 16687 | IceCv    | Learned a level 5 spell: Irradiate
 17171 | IceCv    | Reached skill level 10 in Dodging
 17326 | IceCv    | Received a gift from Nemelex Xobeh
 17326 | IceCv    | Noticed an ironbound frostheart
 17326 | IceCv    | Noticed an ironbound frostheart
 17327 | IceCv    | Noticed a minotaur
 17327 | IceCv    | a death yak changed into a minotaur
 17327 | IceCv    | Noticed a catoblepas
 17327 | IceCv    | a death yak changed into a catoblepas
 17327 | IceCv    | Noticed an entropy weaver
 17327 | IceCv    | a death yak changed into an entropy weaver
 17327 | IceCv    | Noticed a bunyip
 17327 | IceCv    | an ironbound frostheart changed into a bunyip
 17327 | IceCv    | an ironbound frostheart changed into a slime creature
 17327 | IceCv    | Killed an entropy weaver
 17327 | IceCv    | Killed a ghost moth
 17327 | IceCv    | Killed a bunyip
 17327 | IceCv    | Killed a minotaur
 17327 | IceCv    | Killed a catoblepas
 17328 | IceCv    | Reached skill level 10 in Fighting
 17328 | IceCv    | Reached skill level 5 in Shields
 17418 | Lair:2   | Reached skill level 13 in Spellcasting
 17484 | Lair:2   | Found a hole to the Spider Nest.
 17734 | Lair:2   | Reached XP level 14. HP: 103/103 MP: 0/0
 17766 | Lair:2   | Identified the ring of the Butterfly {Fly Slay+2}
 17768 | Lair:2   | Identified the +0 robe of Ibak {*Corrode rC+ Will+}
 17783 | Lair:2   | Identified the +2 chain mail of Gravitas {rElec}
 17922 | Lair:2   | Received a gift from Nemelex Xobeh
 18937 | Lair:3   | Found a staircase to the Shoals.
 18959 | Lair:3   | Received a gift from Nemelex Xobeh
 18982 | Lair:3   | Reached skill level 14 in Spellcasting
 19120 | Lair:3   | Noticed Urug
 19134 | Lair:3   | Killed Urug
 19480 | Lair:3   | Received a gift from Nemelex Xobeh
 20203 | Lair:4   | Reached XP level 15. HP: 86/112 MP: 0/0
 20203 | Lair:4   | Learned a level 6 spell: Death Channel
 20366 | Lair:4   | Received a gift from Nemelex Xobeh
 21283 | Lair:5   | Received a gift from Nemelex Xobeh
 21295 | Lair:5   | Identified the +7 great mace "Cookie Cutter" {vorpal, rPois
                  | rN+ Dex-5}
 21423 | Lair:5   | Found a staircase to the Slime Pits.
 21423 | Lair:5   | Found a viscous altar of Jiyva.
 21667 | Lair:5   | Identified the +11 short sword of the Smoking Dragonfly
                  | {vorpal, *Corrode +Blink rF+++ Str+5}
 21725 | Lair:5   | Received a gift from Nemelex Xobeh
 22096 | Lair:6   | Entered Level 6 of the Lair of Beasts
 22132 | Lair:6   | Received a gift from Nemelex Xobeh
 22161 | Lair:6   | Reached ****** piety under Nemelex Xobeh
 22320 | Lair:6   | Reached skill level 15 in Spellcasting
 22376 | Lair:6   | Reached skill level 10 in Invocations
 22476 | Lair:6   | Noticed Sonja
 22483 | Lair:6   | Killed Sonja
 22777 | Lair:6   | Received a gift from Nemelex Xobeh
 23305 | Lair:6   | Identified the +3 executioner's axe of Dishonesty {speed,
                  | Int+4 SInv}
 23347 | Lair:6   | Reached XP level 16. HP: 96/121 MP: 0/0
 23416 | Lair:6   | Found a corrupted altar of Lugonu.
 23416 | Lair:6   | Found a one-way gate to the infinite horrors of the Abyss.
 23774 | D:11     | Found a transporter.
 23775 | D:11     | Found a transporter.
 24059 | D:11     | Reached skill level 16 in Spellcasting
 24242 | D:11     | Identified the +10 whip "Oraly" {venom, rPois rC- Str+3
                  | Int+4}
 24309 | D:11     | Received a gift from Nemelex Xobeh
 24477 | D:11     | Found a transporter.
 24489 | D:11     | Found a transporter.
 24554 | D:11     | Found a transporter.
 24557 | D:11     | Found a transporter.
 24568 | D:11     | Received a gift from Nemelex Xobeh
 24942 | D:12     | Found Rus Gypt's Book Emporium.
 24942 | D:12     | Found Biutet's Assorted Antiques.
 25242 | D:12     | Found Heqicong's Antique Weapon Emporium.
 25250 | D:12     | Found Cumauka's Antique Weapon Shop.
 25865 | D:12     | Received a gift from Nemelex Xobeh
 26106 | Orc:1    | Entered Level 1 of the Orcish Mines
 26214 | Orc:1    | Found Roet's Armour Shop.
 26473 | Orc:2    | Entered Level 2 of the Orcish Mines
 26760 | Orc:2    | Received a gift from Nemelex Xobeh
 26840 | Orc:2    | Reached skill level 17 in Spellcasting
 26864 | Orc:2    | Found Jatu Rinwo's Distillery.
 26864 | Orc:2    | Found Posaoh's Antique Armour Emporium.
 26865 | Orc:2    | Found Geravowe's Weapon Emporium.
 26865 | Orc:2    | Found Xor Etie's Antique Weapon Shop.
 26887 | Orc:2    | Bought an iridescent short sword for 232 gold pieces
 26887 | Orc:2    | Identified the +9 short sword of Thoughtfulness {antimagic,
                  | Int+3} (You bought it in a shop on level 2 of the Orcish
                  | Mines)
 27009 | Orc:2    | Found a runed translucent door.
 27010 | Orc:2    | Found a staircase to the Elven Halls.
 27012 | Orc:2    | Found the +10 tower shield of Ignorance {rN+ Int-4}
 27144 | Orc:2    | Found a runed translucent door.
 27187 | Orc:1    | Found a runed translucent door.
 27200 | Orc:1    | Noticed Josephine
 27205 | Orc:1    | Killed Josephine
 27206 | Orc:1    | Reached XP level 17. HP: 79/125 MP: 0/0
 27206 | Orc:1    | Learned a level 6 spell: Starburst
 27455 | Orc:1    | Reached skill level 1 in Armour
 27616 | Orc:2    | Received a gift from Nemelex Xobeh
 27789 | Orc:2    | Bought a runed buckler for 240 gold pieces
 27789 | Orc:2    | Bought a glowing helmet for 240 gold pieces
 27811 | Orc:2    | Acquired the +2 pair of gloves of Negation {Drain rElec rN+
                  | rCorr Str+3}
 28356 | D:13     | Found a sacrificial altar of Ru.
 28889 | D:14     | Received a gift from Nemelex Xobeh
 28957 | D:14     | Identified the +6 quarterstaff "Qamiuges" {vorpal, *Rage
                  | rElec Will- rCorr}
 29042 | D:14     | Found Zofut Cuomm's Magic Scroll Boutique.
 29329 | D:14     | Received a gift from Nemelex Xobeh
 29638 | D:14     | Found a gate to the Vaults.
 29755 | D:15     | Entered Level 15 of the Dungeon
 29813 | D:15     | Noticed Roxanne
 29823 | D:15     | Reached skill level 10 in Shields
 30110 | D:15     | Received a gift from Nemelex Xobeh
 30113 | D:15     | Noticed Agnes
 30117 | D:15     | Killed Agnes
 30258 | D:15     | Found a staircase to the Depths.
 30389 | D:15     | Noticed Azrael
 30445 | D:15     | Noticed Azrael
 30445 | D:15     | Azrael changed into Azrael the rakshasa
 30445 | D:15     | Killed Azrael the rakshasa
 30479 | D:15     | Reached skill level 15 in Fighting
 30884 | Shoals:1 | Entered Level 1 of the Shoals
 30884 | Shoals:1 | Found Xocuuq's Armour Shoppe.
 31052 | Shoals:1 | Reached XP level 18. HP: 133/138 MP: 0/0
 31081 | Shoals:1 | Received a gift from Nemelex Xobeh
 31265 | Shoals:1 | Reached skill level 18 in Spellcasting
 31291 | Shoals:1 | Found a runed translucent gate.
 31291 | Shoals:1 | Found a runed translucent gate.
 31291 | Shoals:1 | Found a runed translucent gate.
 32121 | Shoals:2 | Noticed Ilsuiw
 32122 | Shoals:2 | Noticed Ilsuiw
 32122 | Shoals:2 | Ilsuiw changed into Ilsuiw the quicksilver dragon
 32125 | Shoals:2 | Killed Ilsuiw the quicksilver dragon
 32152 | Shoals:2 | Noticed Kirke
 32160 | Shoals:2 | Killed Kirke
 32301 | Shoals:2 | Reached skill level 5 in Armour
 32420 | Shoals:2 | Received a gift from Nemelex Xobeh
 32432 | Shoals:2 | Noticed Polyphemus
 32438 | Shoals:2 | Killed Polyphemus
 32449 | Shoals:2 | Reached XP level 19. HP: 139/143 MP: 0/0
 32449 | Shoals:2 | Learned a level 6 spell: Statue Form
 33302 | D:4      | Killed Crazy Yiuf
 33524 | D:9      | Killed Peloso's ghost
 33526 | D:9      | Killed Cykl0x's ghost
 33527 | D:9      | Killed Vangrel's ghost
 33636 | Lair:1   | Killed Sheol's ghost
 33799 | Shoals:3 | Noticed Mara
 33804 | Shoals:2 | Noticed Mara
 33804 | Shoals:2 | Mara changed into Mara the hell hog
 33804 | Shoals:2 | Noticed Mara
 33804 | Shoals:2 | Mara changed into Mara the hell hog
 33804 | Shoals:2 | Noticed Mara
 33804 | Shoals:2 | Mara changed into Mara the soul eater
 33806 | Shoals:2 | Killed Mara the hell hog
 33868 | Shoals:3 | Reached skill level 1 in Maces & Flails
 33941 | Shoals:3 | Received a gift from Nemelex Xobeh
 34248 | Shoals:3 | Noticed Aizul
 34258 | Shoals:3 | Killed Aizul
 34317 | Shoals:3 | Received a gift from Nemelex Xobeh
 34731 | Shoals:4 | Entered Level 4 of the Shoals
 34762 | Shoals:4 | Paralysed by an air elemental for 1 turns
 34879 | Shoals:4 | Paralysed by an air elemental for 1 turns
 35253 | Shoals:4 | Paralysed by an air elemental for 1 turns
 35283 | Shoals:4 | Paralysed by an air elemental for 1 turns
 35313 | Shoals:4 | Paralysed by an air elemental for 1 turns
 35555 | Shoals:4 | Received a gift from Nemelex Xobeh
 35732 | Shoals:4 | Reached skill level 5 in Maces & Flails
 35817 | Shoals:4 | Reached XP level 20. HP: 54/152 MP: 0/0
 36047 | Shoals:4 | Identified the +1 chain mail "Hoawu" {rF+ Will++ Str+4}
 36063 | Shoals:4 | Identified the ring "Efeymoc" {Ice Int+3}
 36068 | Shoals:4 | Got a barnacled rune of Zot
 36386 | Spider:1 | Entered Level 1 of the Spider Nest
 36933 | Spider:1 | Reached skill level 15 in Dodging
 37144 | Spider:1 | Received a gift from Nemelex Xobeh
 37654 | Spider:2 | Noticed Donald
 37993 | Spider:1 | Killed Donald
 38582 | Spider:2 | Noticed Frances
 38599 | Spider:2 | Killed Frances
 38946 | Spider:2 | Received a gift from Nemelex Xobeh
 39276 | Spider:3 | Noticed Bai Suzhen
 39447 | Spider:3 | Killed Bai Suzhen
 39600 | Spider:4 | Entered Level 4 of the Spider Nest
 39875 | Spider:4 | Noticed Mlioglotl
 39884 | Spider:4 | Killed Mlioglotl
 40022 | Spider:4 | Noticed Arachne
 40031 | Spider:4 | Killed Arachne
 40032 | Spider:4 | Reached XP level 21. HP: 137/158 MP: 0/0
 40032 | Spider:4 | Learned a level 7 spell: Enfeeble
 40148 | Spider:4 | Received a gift from Nemelex Xobeh
 40786 | Spider:4 | Reached skill level 15 in Shields
 40998 | Spider:4 | Got a gossamer rune of Zot
 41286 | Elf:1    | Entered Level 1 of the Elven Halls
 41560 | Elf:1    | Reached skill level 19 in Spellcasting
 41633 | Elf:1    | Received a gift from Nemelex Xobeh
 41961 | Elf:1    | Received a gift from Nemelex Xobeh
 43864 | Elf:2    | Found a runed translucent gate.
 43865 | Elf:2    | Found a runed translucent gate.
 43865 | Elf:2    | Found a runed translucent gate.
 44279 | Elf:3    | Entered Level 3 of the Elven Halls
 44299 | Elf:3    | Found Beigyg's Neck Hole.
 44354 | Elf:3    | Received a gift from Nemelex Xobeh
 44363 | Elf:3    | Found a portal to a secret trove of treasure.
 44436 | Elf:3    | Paralysed by an air elemental for 1 turns
 44531 | Elf:3    | Found Janeytio's Weapon Shop.
 44809 | Elf:3    | Reached XP level 22. HP: 166/167 MP: 0/0
 45029 | Elf:3    | Identified the +0 pair of gloves of Befrarghezu {Rampage}
 45800 | Elf:3    | Reached skill level 5 in Stealth
 45840 | Elf:3    | Identified the +5 falchion of Famine {vamp, Fragile Will-
                  | rCorr Stlth+}
 45844 | Elf:3    | Identified the +4 plate armour "Unuihow" {rPois rCorr Str+2
                  | Dex-5}
 45844 | Elf:3    | Identified the ring "Teuresto" {Fly rPois Str-4 Int+6}
 46085 | Elf:3    | Identified the ring "Bosevvie" {Will+ Str+2 Slay+2}
 46086 | Elf:3    | Identified the ring "Vidir" {rPois rC+ Will+ rCorr Dex-5}
 46086 | Elf:3    | Identified the amulet of Innoruoq {Spirit Drain rElec rCorr
                  | Dex+5}
 46225 | Elf:3    | Found the +3 crown of Dyrovepreva {rElec Int+2 SInv}
 47147 | Elf:3    | Found Janeytio's Weapon Shop.
 47191 | Elf:3    | Found a portal to a secret trove of treasure.
 47400 | Elf:3    | Found Beigyg's Neck Hole.
 47813 | Vaults:1 | Entered Level 1 of the Vaults
 47943 | Vaults:1 | Reached skill level 20 in Spellcasting
 47970 | Vaults:1 | Received a gift from Nemelex Xobeh
 48777 | Vaults:1 | Gained mutation: You are clumsy. (Dex -2) [mutagenic glow]
 48794 | Vaults:1 | HP: 7/168 [yaktaur[a vault warden] (10)]
 48799 | Vaults:1 | HP: 6/168 [ironbound frostheart (3)]
 48799 | Vaults:1 | Mangled by an ironbound frostheart

Illustrated notes

Levels and vault maps discovered:
D:1:      shiori_arrival_maze, layout_basic
D:2:      layout_basic, dilly_ecumenical_altar_fadedgnrine, uniq_terence
D:3:      layout_loops_ring
D:4:      layout_rooms, uniq_crazy_yiuf_cottage
D:5:      layout_basic, serial_shops, nicolae_shop_statue_plus,
          serial_bayou_lake_a, uniq_sigmund
D:6:      layout_loops_cross, serial_glass, glass_columns_b, glass_columns_c,
          glass_columns_a, glass_columns_b, glass_columns_a, glass_columns_b,
          glass_columns_a, glass_columns_a, glass_columns_a, glass_columns_c,
          nicolae_elevator_lobby_plus
D:7:      layout_basic, fiery_altar_vehumet, temple_green, uniq_maggie
D:8:      layout_basic, kennysheep_generic_room_11, uniq_gastronok
D:9:      layout_loops_cross, enter_bailey_4, gammafunk_ghost_cemetery,
          water_boxes_lemuel, uniq_psyche
D:10:     layout_basic, erik_lair_orcish_takeover, david_orc_1_choice,
          gammafunk_ghost_icy
D:11:     minmay_the_grid_square_5x5_3x3 [minmay_the_grid_square_5x5_bracketed,
          minmay_the_grid_square_5x5_shuriken,
          minmay_the_grid_square_5x5_fancy_junction,
          minmay_the_grid_square_5x5_c,
          minmay_the_grid_square_5x5_megaprize_open,
          minmay_the_grid_square_5x5_intrusive_squares,
          minmay_the_grid_square_5x5_one_wall, minmay_the_grid_square_5x5_eight,
          minmay_the_grid_square_5x5_v], layout_irregular_city,
          serial_nicolae_subway, nicolae_sub_station_metal,
          nicolae_sub_station_stone, nicolae_sub_station_crystal
D:12:     layout_long_grid, serial_shops, shop, shop, nicolae_shop_crystal,
          shop, eino_curves_02
D:13:     layout_long_grid, hangedman_ru_absence
D:14:     layout_gridville, david_vaults_1, hangedman_decor_clover_reticule,
          serial_shops, shop_scrolls
D:15:     grunt_enter_depths_hoard, layout_basic, corexii_leaking_fountain,
          serial_glass, glass_columns_a, glass_columns_c, glass_columns_b,
          glass_columns_a, glass_columns_a, glass_columns_a, uniq_roxanne,
          uniq_azrael, uniq_agnes
Lair:1:   layout_cave_pods, gammafunk_ghost_wrathful_warriors,
          small_statue_intersection
Lair:2:   layout_cave_pods, spider_nest_entry_webs,
          portal_ice_cave_demonic_guard, minmay_lindwurm_lava
Lair:3:   layout_chaotic_city, elwin_shoals_entry_rocks, patterned_corridor,
          lemuel_fruit_tree, grunt_megastairs_5, uniq_urug
Lair:4:   layout_concentric_octagons, disabler_island
Lair:5:   layout_hall_layers, slime_altar_1, chequers_serial_rivers_large_b,
          lemuel_fruit_fields
Lair:6:   hellmonk_lair_end_abyssal_woods, layout_regular_city, uniq_sonja
Shoals:1: layout_shoals, serial_shops, shop, nicolae_shoals_beach_cooler
Shoals:2: layout_shoals, uniq_polyphemus, uniq_kirke, uniq_ilsuiw
Shoals:3: layout_shoals, nicolae_shoals_pincushion_passage, uniq_mara,
          uniq_aizul
Shoals:4: shoals_end_hellmonk_storm_palace [storm_palace_center_circular,
          storm_palace_corner_narrow, storm_palace_corner_reverse_hut,
          storm_palace_corner_reverse_hut, storm_palace_corner_reverse_hut]
Spider:1: layout_spider_delve, nicolae_spider_scorpion_nest
Spider:2: cheibrodos_spider_silkery, nicolae_spider_eight_legs, uniq_frances,
          uniq_donald
Spider:3: layout_spider_delve, uniq_bai_suzhen
Spider:4: spider_rune_water, uniq_arachne, uniq_mlioglotl
Orc:1:    layout_diamond_mine, serial_shops,
          nicolae_shop_competitors_out_of_business, basic_altar,
          lightli_church_of_beogh, uniq_josephine
Orc:2:    st_orc_ogre_mass, layout_caves, chequers_guarded_unrand_ignorance
Elf:1:    layout_gridlike, minmay_elf_demonology, drop_trap, hex_large,
          nicolae_elf_deep_mausoleum
Elf:2:    nicolae_elf_blades_crystal_corner, layout_rooms
Elf:3:    minmay_elf_hall_statues, layout_gridlike, serial_shops,
          nicolae_shop_stone, nicolae_trove_entry_isolated,
          nicolae_shop_sticking_my_neck_out
Vaults:1: st_squares, grunt_vaults_diagonal, v_misc_13, serial_ice_g,
          v_pattern_4, hangedman_vaults_nodes, nicolae_vaults_circle_grid_a,
          vaults_dpeg_cross, vaults_room_pools, vaults_room_mumra_shop_pool,
          v_misc_29, nicolae_vaults_rhombus_5, layout_vaults_ring

Skill      XL: |  1  2  3  4  5  6  7  8  9 10 11 12 13 14 15 16 17 18 19 20 21 22 |
---------------+-------------------------------------------------------------------+-----
Spellcasting   | 3 4 5 6 8 9 10 12 13 14 15 17 18 19 20 | 20.5
Stealth        | 2 4 5 |  5.0
Dodging        | 3 4 5 6 7 9 10 11 13 14 15 | 15.2
Fighting       | 1 2 3 4 5 7 8 10 12 13 14 15 16 17 | 17.6
Invocations    | 1 2 3 4 5 6 7 8 9 10 11 12 13 14 | 14.0
Shields        | 1 4 5 7 8 9 10 12 14 15 | 15.0
Armour         | 3 5 |  5.0
Maces & Flails | 5 7 8 |  8.8

Action                   |  1- 3 |  4- 6 |  7- 9 | 10-12 | 13-15 | 16-18 | 19-21 | 22-24 || total
-------------------------+-------+-------+-------+-------+-------+-------+-------+-------++-------
Melee: Flail             |       |     4 |    11 |    13 |     3 |    55 |    12 |    11 ||   109
 Cast: Foxfire           |    30 |    81 |    45 |   129 |   424 |   530 |   434 |    34 ||  1707
       Magic Dart        |    27 |    92 |    28 |    51 |       |       |     2 |     3 ||   203
       Scorch            |     3 |     6 |    60 |   204 |   386 |   429 |   207 |     9 ||  1304
       Conjure Flame     |       |     4 |     3 |    13 |     3 |     2 |     4 |       ||    29
       Flame Wave        |       |       |     7 |    37 |    30 |       |     9 |     1 ||    84
       Inner Flame       |       |       |       |     3 |       |       |       |       ||     3
       Irradiate         |       |       |       |       |    13 |    28 |   159 |    68 ||   268
       Death Channel     |       |       |       |       |    44 |   136 |    26 |       ||   206
       Alistair's Intoxi |       |       |       |       |       |     4 |    11 |     2 ||    17
       Starburst         |       |       |       |       |       |    55 |   350 |    80 ||   485
       Dispel Undead     |       |       |       |       |       |     1 |       |       ||     1
       Statue Form       |       |       |       |       |       |       |     1 |       ||     1
       Enfeeble          |       |       |       |       |       |       |    13 |     8 ||    21
Invok: Draw Destruction  |       |       |     1 |    13 |     4 |     7 |     9 |     1 ||    35
       Draw Summoning    |       |       |     1 |       |       |     5 |     5 |       ||    11
       Draw Escape       |       |       |     1 |       |       |     1 |     6 |     1 ||     9
       Deal Four         |       |       |       |       |     3 |     6 |     2 |       ||    11
       Draw Stack        |       |       |       |       |     1 |     6 |     3 |       ||    10
       Stack Five        |       |       |       |       |     1 |     2 |       |       ||     3
       Triple Draw       |       |       |       |       |       |     1 |       |     2 ||     3
 Abil: End Transformatio |       |       |       |       |       |       |     1 |       ||     1
  Use: Scroll            |       |    12 |     2 |    10 |     3 |     3 |     4 |       ||    34
       Potion            |       |       |       |       |     3 |       |       |     1 ||     4
 Stab: Sleeping          |       |       |     1 |       |       |     1 |     1 |       ||     3
       Distracted        |       |       |       |       |       |     1 |       |       ||     1
       Confused          |       |       |       |       |       |       |     1 |       ||     1
       Invisible         |       |       |       |       |       |       |       |     1 ||     1
Armor: Robe              |       |     8 |     6 |       |       |       |       |       ||    14
       Steam dragon scal |       |       |       |    30 |    66 |     6 |       |       ||   102
       Troll leather arm |       |       |       |       |       |    90 |   110 |    19 ||   219
Dodge: Dodged            |     3 |    11 |    23 |    94 |   152 |   188 |   212 |    34 ||   717
Block: Buckler           |       |       |       |    25 |    55 |   109 |    62 |       ||   251
       Reflection        |       |       |       |       |       |    10 |    24 |    18 ||    52
       Kite shield       |       |       |       |       |       |       |   123 |    49 ||   172
